Map: Dusk Towers

Players

Miszu - Winner!

  • Race: Terran Terran
  • League: Master

IIIIIIIIIIII

  • Race: Terran Terran
  • League: Master

VOD

Have the link to the VOD?

Description

Time

  • Played on: April 25, 2016, 3:41 p.m.
  • Length: 3:06
Show
View Real Time Build Order
Export as new Build Order

Miszu Terran - Winner!

Build Orders:  

Get SALT Encoding   

  12  0:00  SCV  
  13  0:12  SCV  
  14  0:17  Supply Depot  
  14  0:24  SCV  
  15  0:29  Refinery  
  15  0:38  SCV  
  16  0:45  Barracks  
  16  0:50  SCV  
  17  1:02  SCV  
  18  1:15  SCV  
  20  1:33  Factory  
  20  1:34  Orbital Command  
  20  1:35  Marine, Refinery  
  20  1:41  Supply Depot  
  20  1:53  Marine  
  21  2:01  SCV  
  22  2:11  Marine  
  22  2:15  SCV  
  23  2:16  Bunker  
  23  2:17  Hellion  
  25  2:27  SCV  
  25  2:29  Reaper  
  27  2:34  Starport  
  27  2:39  SCV  
  28  2:51  SCV  
  31  2:55  Supply Depot  
Show
View Real Time Build Order
Export as new Build Order

IIIIIIIIIIII Terran 

Build Orders:  

Get SALT Encoding   

  12  0:01  SCV  
  13  0:14  Supply Depot  
  13  0:34  Refinery  
  13  0:44  Barracks  
  13  0:54  Barracks  
  13  1:19  Refinery  
  13  1:31  Reaper  
  14  1:35  Barracks  
  14  1:41  Reaper  
  15  2:03  Marine  
  15  2:17  Reaper  
  16  2:27  Marine, Reaper  
Tags
 
Add a new tag
Caveats
  • Supply blocks, unpowered buildings, or Contaminate may cause inaccurate times.
  • Supply counts are checked every 10 seconds.